 Dungeon Crawl Stone Soup version 0.30.1-3-gfc49f6343a (webtiles) character file.

Game seed: 15614905439873264982

79 spardeous the Digger (level 3, 0/39 HPs)
             Began as a Demigod Earth Elementalist on July 24, 2023.
             Slain by Ijyb
             ... wielding a +1 dagger of venom
              (2 damage)
             ... on level 3 of the Dungeon.
             The game lasted 00:02:15 (2160 turns).

spardeous the Digger (Demigod Earth Elementalist)   Turns: 2160, Time: 00:02:15

Health: 0/39       AC: 21    Str:  9    XL:     3   Next: 97%
Magic:  3/8        EV:  2    Int: 21    God:
Gold:   143        SH:  0    Dex: 14    Spells: 4/5 levels left

rFire   . . .        (no weapon)
rCold   . . .        (no shield)
rNeg    + . .        n - melded +0 leather armour
rPois   +            (helmet currently unavailable)
rElec   .            (cloak currently unavailable)
rCorr   .            q - melded +0 pair of gloves
SInv    .            (boots currently unavailable)
Will    .....        k - amulet of regeneration
Stlth   ++           p - ring of positive energy
HPRegen 1.06/turn    (no ring)
MPRegen 0.11/turn

%: no passive effects
@: lethally poisoned (0 -> -5), tree-form, hasted, very quick
A: stationary, stasis, torment immunity, boosted hp, high MP 1, forlorn, divine
attributes
a: no special abilities


You were on level 3 of the Dungeon.
You were a tree.
You visited 1 branch of the dungeon, and saw 3 of its levels.

You collected 143 gold pieces.

Inventory:

Armour
 a - a +0 robe
 n - a +0 leather armour (melded)
 q - a +0 pair of gloves (melded)
Jewellery
 k - an amulet of regeneration (around neck)
 p - a ring of positive energy (left branch)
Scrolls
 e - 3 scrolls of identify {unknown}
 f - a scroll of fear {unknown}
 g - a scroll of blinking {unknown}
 l - a scroll of vulnerability {unknown}
 m - a scroll of enchant weapon {unknown}
 o - a scroll of teleportation {unknown}
 r - a scroll of noise {unknown}
Potions
 b - a potion of magic
 d - a potion of curing {unknown}
 h - a potion of flight {unknown}
 i - a potion of haste
 j - a potion of berserk rage {unknown}
 s - a potion of invisibility {unknown}


   Skills:
 - Level 1.7 Dodging
 - Level 1.7 Stealth
 - Level 1.7 Spellcasting
 - Level 0.8 Transmutations
 + Level 4.6 Earth Magic


You had 4 spell levels left.
You knew the following spells:

 Your Spells              Type           Power      Damage    Failure   Level
a - Sandblast             Erth           42%        2d11      2%          1

Your spell library contained the following spells:

 Spells                   Type           Power      Damage    Failure   Level
 Passwall                 Tmut/Erth      10%        N/A       8%          2
 Necrotise                Necr           4%         1d4       16%         1
 Stone Arrow              Conj/Erth      22%        3d8       17%         3
 Vampiric Draining        Necr           1%         2d6       41%         3
 Petrify                  Tmut/Erth      13%        N/A       43%         4
 Agony                    Necr           1%         N/A       99%         5


Dungeon Overview and Level Annotations

Branches:
Dungeon (3/15)

Shops:
D:1 :

Annotations:
D:3 Ijyb


Innate Abilities, Weirdness & Mutations

You are a tree.
Your roots penetrate the ground, keeping you stationary.
You cannot be teleported.
You are immune to unholy pain and torment.
Your maximum health is greatly increased.
Your equipment is partially melded.
You have an increased reservoir of magic. (+10% MP)
You shall have no god before yourself.
Your divine heritage dramatically boosts your attributes as you level up.


Message History

Ijyb hits you with a +1 dagger of venom. x2
You are more poisoned.
You take 10 damage, and have 16/26 hp.
MASSIVE DAMAGE!!
You now have 4/8 mp.
Casting: Sandblast (safe; 3% risk of failure)
Confirm with . or Enter, or press ? or * to list all spells.
Aiming: Sandblast (safe; 3% risk of failure)
Press: ? - help, Shift-Dir - straight line, f/p - Ijyb
Aim: Ijyb, wielding a +1 dagger of venom, wearing a +0 ring mail and carrying a wand of digging (2) (moderately wounded, 81% to hit)
The blast of sand hits Ijyb.
Ijyb is moderately wounded.
You feel very sick.
Ijyb hits you with a +1 dagger of venom.
* * * LOW HITPOINT WARNING * * *
Casting: Sandblast (safe; 3% risk of failure)
Confirm with . or Enter, or press ? or * to list all spells.
Aiming: Sandblast (safe; 3% risk of failure)
Press: ? - help, Shift-Dir - straight line, f/p - Ijyb
Aim: Ijyb, wielding a +1 dagger of venom, wearing a +0 ring mail and carrying a wand of digging (2) (moderately wounded, 81% to hit)
The blast of sand hits Ijyb.
Ijyb is heavily wounded.
You feel very sick.
Ijyb hits you with a +1 dagger of venom.
* * * LOW HITPOINT WARNING * * *
You are lethally poisoned!
Ijyb barely misses you.
You take 11 damage, and have 5/26 hp.
MASSIVE DAMAGE!!
You now have 3/8 mp.
It was a potion of lignification.
You turn into a tree.
Your +0 pair of gloves melds into your body.
Your +0 leather armour melds into your body.
Your roots penetrate the ground.
* * * LOW HITPOINT WARNING * * *
You feel very sick. Ijyb hits you but does no damage.
You now have 3/39 hp.
Okay, then.
It was a potion of haste.
You feel yourself speed up.
* * * LOW HITPOINT WARNING * * *
You feel very sick.
Ijyb hits you with a +1 dagger of venom.
You die...

#.# #.##### #.#
#.. .. ..
#...... #.#
#.##. ...
####### #.#
###...#.... ###
#.# #.....#....
... #.#
#.........# ...
#.# #.........#
#.# #.........#
#.# #..♣g..#
##.###......#.
#.............#
###########.###
.# #


You could see Ijyb.

Vanquished Creatures
  4 adders
  5 ball pythons
  2 endoplasms
  2 giant cockroaches (D:1)
  2 hobgoblins (D:1)
  6 kobolds
  2 quokkas
  8 bats
  A frilled lizard (D:1)
  5 goblins
  4 rats
41 creatures vanquished.

Notes
Turn   | Place    | Note
-------+----------+-------------------------------------------
     0 | D:1      | spardeous the Demigod Earth Elementalist began the quest
                  | for the Orb.
     0 | D:1      | Reached XP level 1. HP: 14/14 MP: 5/5
    49 | D:1      | Reached skill level 3 in Earth Magic
   290 | D:1      | Reached XP level 2. HP: 20/20 MP: 5/7
  1025 | D:1      | Found Pymuc's Book Shop.
  1395 | D:2      | Reached skill level 4 in Earth Magic
  1395 | D:2      | Reached XP level 3. HP: 26/26 MP: 4/8
  2151 | D:3      | Noticed Ijyb
  2160 | D:3      | Slain by Ijyb

Illustrated notes

Levels and vault maps discovered:
D:1:      minmay_arrival_four_circles, layout_basic, serial_shops,
          nicolae_shop_tiny_glass
D:2:      layout_loops_ring, serial_bayou_pond_d, kennysheep_generic_room_9
D:3:      layout_basic, mainiacjoe_overflow_tiny_flanked,
          dreamdust_ecumenical_altar_angels_and_demons, uniq_ijyb

Skill      XL: |  1  2 |
---------------+-------+-----
Earth Magic    | 3 4 |  4.6
Dodging        | |  1.7
Stealth        | |  1.7
Spellcasting   | |  1.7
Transmutations | |  0.8

Action                     || total
---------------------------++-------
  Melee: Unarmed           ||     2
   Cast: Sandblast         ||    54
    Use: Potion            ||     2
 Armour: Robe              ||     4
         Leather armour    ||     1
         Skin              ||     1
  Dodge: Dodged            ||    12
